 Dungeon Crawl Stone Soup version 0.30-a0-304-gdc4b735fe1 (webtiles) character file.

Game seed: 16252126637237828698

710 lunkers the Geomancer (level 8, 0/57 HPs)
             Began as a Meteoran Earth Elementalist on Oct 21, 2022.
             Was an Initiate of Sif Muna.
             Slain by an orc
             ... wielding a +0 hand axe
              (7 damage)
             ... on level 6 of the Dungeon.
             The game lasted 00:02:59 (2126 turns).

lunkers the Geomancer (Meteoran Earth Elementalist) Turns: 2126, Time: 00:03:00

Health: 0/57       AC:  3    Str: 10    XL:     8   Next: 20%
Magic:  3/17       EV: 12    Int: 19    God:    Sif Muna [......]
Gold:   278        SH:  0    Dex: 14    Spells: 8/18 levels left

rFire   . . .      SeeInvis .    (no weapon)
rCold   . . .      Faith    .    (no shield)
rNeg    . . .      Spirit   .    a - +0 robe
rPois   .          Reflect  .    r - +0 helmet
rElec   .          Harm     .    (no cloak)
rCorr   .          Rampage  .    (no gloves)
Will    +....                    (no boots)
Stlth   +.........               (no amulet)
HPRegen 0.29/turn                g - ring of wizardry
MPRegen 0.15/turn                (no ring)

@: glowing
A: sense surroundings 1, otherworldly, glowing, explore regen
a: Renounce Religion


You were on level 6 of the Dungeon.
You worshipped Sif Muna.
Sif Muna was noncommittal.
You visited 1 branch of the dungeon, and saw 6 of its levels.

You collected 278 gold pieces.

Inventory:

Armour
 a - a +0 robe (worn)
 r - a +0 helmet (worn)
Jewellery
 g - a ring of wizardry (left hand)
 h - an amulet of guardian spirit
Wands
 m - a wand of quicksilver (2)
 o - a wand of mindburst (19)
 q - a wand of digging (8)
Scrolls
 c - 4 scrolls of identify
 e - a scroll of enchant armour {unknown}
 f - a scroll of noise {unknown}
 i - 2 scrolls of butterflies {unknown}
 j - a scroll of torment {unknown}
 l - 2 scrolls of teleportation {unknown}
 n - 3 scrolls of fear {unknown}
Potions
 b - a potion of magic
 d - a potion of might {unknown}
 k - a potion of mutation
 p - a potion of heal wounds {unknown}


   Skills:
 - Level 2.4 Dodging
 - Level 1.4 Stealth
 + Level 5.7 Spellcasting
 * Level 3.6 Conjurations
 - Level 1.2 Transmutations
 * Level 8.2 Earth Magic


You had 8 spell levels left.
You knew the following spells:

 Your Spells              Type           Power      Damage    Failure   Level
a - Sandblast             Erth           72%        2d16      1%          1
b - Passwall              Tmut/Erth      19%        N/A       1%          2
c - Stone Arrow           Conj/Erth      56%        3d10      1%          3
d - Petrify               Tmut/Erth      23%        N/A       6%          4

Your spell library contained the following spells:

 Spells                   Type           Power      Damage    Failure   Level
 Ignite Poison            Fire/Tmut/Pois 7%         N/A       12%         3
 Gell's Gravitas          Tloc           5%         N/A       14%         3
 Kindle Blastsparks       Fire/Tloc/Air  10%        2d10      14%         3
 Lesser Beckoning         Tloc           10%        N/A       14%         3
 Teleport Other           Tloc           5%         N/A       14%         3
 Freezing Cloud           Conj/Ice/Air   5%         6-21      58%         5


Dungeon Overview and Level Annotations

Branches:
Dungeon (6/15) Zot: 1414
 Temple: D:4-7

Altars:
Makhleb
Sif Muna
Xom

Shops:
D:2 :


Innate Abilities, Weirdness & Mutations

You passively map a small area around you.
You are easily found by Zot.
You glow in the dark.
You regain HP and MP as you explore.


Message History

The blast of sand hits the kobold!
You kill the kobold!
Sif Muna accepts your kill.
Unknown command.
Unknown command.
Aiming: Sandblast (safe; 1% risk of failure)
Press: ? - help, Q - select action, (/) - cycle Shift-Dir - straight line, f - orc wizard
Aim: an orc wizard, wielding a +0 dagger and wearing a +0 robe (80% to hit)
The blast of sand hits the orc wizard.
The orc wizard is moderately wounded.
* * * LOW MAGIC WARNING * * *
The orc wizard hits you with a +0 dagger.
* * * LOW HITPOINT WARNING * * *
The orc hits you with a +0 hand axe.
* * * LOW HITPOINT WARNING * * *
The orc barely misses you.
The orc wizard hits you with a +0 dagger.
* * * LOW HITPOINT WARNING * * *
Aiming: Sandblast (safe; 1% risk of failure)
Press: ? - help, Q - select action, (/) - cycle Shift-Dir - straight line, f/p - orc wizard
Aim: an orc wizard, wielding a +0 dagger and wearing a +0 robe (moderately wounded, 80% to hit)
The blast of sand hits the orc wizard.
The orc wizard is moderately wounded.
* * * LOW MAGIC WARNING * * *
The orc wizard completely misses you. The orc completely misses you.
Unknown command.
Unknown command.
Aiming: Sandblast (safe; 1% risk of failure)
Press: ? - help, Q - select action, (/) - cycle Shift-Dir - straight line, f/p - orc wizard
Aim: an orc wizard, wielding a +0 dagger and wearing a +0 robe (moderately wounded, 80% to hit)
The blast of sand hits the orc wizard.
The orc wizard is heavily wounded.
* * * LOW MAGIC WARNING * * *
The orc wizard gestures at you while chanting.
The magic dart hits you.
* * * LOW HITPOINT WARNING * * *
The orc hits you with a +0 hand axe.
* * * LOW HITPOINT WARNING * * *
The orc hits you with a +0 hand axe!
You die...

######..##### *
#.......# , *
#.......# ###
#..)....##...., * *
#...........# *#~
#.<.....###^##~~ **
#.......# .~~ **
#.......###.#### ,
.....#..o@og..).#*
*
#####.#.###K......,
#.#.# ..###.. *
#.#.# *o.# , #....
*.$#* , ,#.* ... ,
.. ..## #. ,..., *
*


You could see an orc wizard, an orc, a hobgoblin and a kobold.

Vanquished Creatures
  An ice beast (D:5)
  An orc warrior (D:6)
  An ogre (D:5)
  A phantom (D:5)
  A scorpion (D:5)
  A hound (D:4)
  An orc priest (D:6)
  5 iguanas
  5 adders
  A shadow imp (D:5)
  An ufetubus (D:3)
  2 worms
  3 dart slugs
  6 orcs
  9 ball pythons
  6 endoplasms
  2 giant cockroaches
  4 goblins
  4 hobgoblins
  6 kobolds
  2 quokkas
  A bat (D:2)
  A rat (D:2)
65 creatures vanquished.

Notes
Turn   | Place    | Note
-------+----------+-------------------------------------------
     0 | D:1      | lunkers the Meteoran Earth Elementalist began the quest for
                  | the Orb.
     0 | D:1      | Reached XP level 1. HP: 14/14 MP: 5/5
    37 | D:1      | Reached skill level 4 in Earth Magic
    37 | D:1      | Reached XP level 2. HP: 20/20 MP: 4/6
   246 | D:2      | Learned a level 2 spell: Passwall
   292 | D:2      | Reached XP level 3. HP: 26/26 MP: 5/8
   432 | D:2      | Learned a level 3 spell: Stone Arrow
   559 | D:2      | Found Ramub's Book Shop.
   561 | D:2      | Reached skill level 5 in Earth Magic
   561 | D:2      | Reached XP level 4. HP: 33/33 MP: 7/10
   941 | D:3      | Found a faded altar of an unknown god.
  1040 | D:3      | Found a shimmering altar of Xom.
  1113 | D:4      | Reached XP level 5. HP: 38/38 MP: 9/11
  1239 | D:4      | Reached skill level 6 in Earth Magic
  1241 | D:4      | Found a burning altar of Makhleb.
  1241 | D:4      | Noticed a balrug
  1248 | D:4      | Learned a level 4 spell: Petrify
  1281 | D:4      | Reached XP level 6. HP: 45/45 MP: 7/13
  1523 | D:4      | Found a shimmering blue altar of Sif Muna.
  1531 | D:4      | Became a worshipper of Sif Muna the Loreminder
  1625 | D:5      | Entered Level 5 of the Dungeon
  1695 | D:5      | Noticed an ice beast
  1702 | D:5      | Killed an ice beast
  1703 | D:5      | Reached skill level 5 in Spellcasting
  1703 | D:5      | Reached skill level 7 in Earth Magic
  1863 | D:5      | Reached XP level 7. HP: 50/50 MP: 12/15
  1891 | D:5      | Reached skill level 1 in Conjurations
  2083 | D:5      | Reached skill level 8 in Earth Magic
  2118 | D:6      | Reached XP level 8. HP: 53/57 MP: 14/17
  2126 | D:6      | Slain by an orc

Illustrated notes

Levels and vault maps discovered:
D:1:      dreamdust_arrival_beginning_and_end, layout_basic
D:2:      layout_basic, serial_shops, shop_coins
D:3:      layout_loops_corners, mainiacjoe_overflow_boulevard,
          basic_ecumenical_altar, serial_rivers, chequers_serial_rivers_micro_d,
          chequers_serial_rivers_marsh, chequers_serial_rivers_large_b,
          chequers_serial_rivers_large_a, chequers_serial_rivers_marsh,
          chequers_serial_rivers_micro_a
D:4:      minmay_angry_zag, layout_basic, mainiacjoe_overflow_surrounded_room,
          makhleb_altar_promises_db
D:5:      layout_basic, okawaru_altar_gauntlet_db, minmay_misc_feat_room
D:6:      cheibrodos_thug_alley, layout_loops_ring, kennysheep_mini_moat

Skill      XL: |  1  2  3  4  5  6  7 |
---------------+----------------------+-----
Earth Magic    | 4 5 6 7 8 |  8.2
Spellcasting   | 3 4 5 |  5.7
Conjurations   | 3 |  3.6
Dodging        | |  2.4
Stealth        | |  1.4
Transmutations | |  1.2

Action                   |  1- 3 |  4- 6 |  7- 9 || total
-------------------------+-------+-------+-------++-------
 Cast: Sandblast         |    27 |    57 |    27 ||   111
       Stone Arrow       |       |       |     2 ||     2
  Use: Scroll            |       |     2 |       ||     2
Armor: Robe              |     1 |     3 |       ||     4
Dodge: Dodged            |     1 |    13 |     7 ||    21

Table legend: (Time is in decaauts)
 A = Elapsed time spent in this place.
 B = Non-inter-level travel time spent in this place.
 C = Inter-level travel time spent in this place.
 D = Time resting spent in this place.
 E = Time spent auto-exploring this place.
 F = Levels seen in this place.
 G = Mean time per level.
                   A        B        C        D        E       F      G
               +--------+--------+--------+--------+--------+-----+--------+
         Total |   2184 |   2028 |    156 |      0 |   1648 |   6 |  364.0 |
       Dungeon |   2184 |   2028 |    156 |      0 |   1648 |   6 |  364.0 |
               +--------+--------+--------+--------+--------+-----+--------+

Top non-repeatable levels by time:
     D:2: 577 daAuts
     D:4: 537 daAuts
     D:5: 471 daAuts
     D:3: 345 daAuts
     D:1: 205 daAuts
     D:6: 46 daAuts
